Map: 서브머린 - 래더

Players

Solar - Winner!

  • Race: Zerg Zerg
  • Spawn Location: 11:00

ShoWTimE

  • Race: Protoss Protoss
  • Spawn Location: 5:00

Event: StayAtHomestory Cup #2

VOD

Have the link to the VOD?

Description

Time

  • Played on: June 12, 2020, 10:40 a.m.
  • Length: 8:23

All games in this series

Show
View Real Time Build Order
Export as new Build Order

Solar Zerg - Winner!

Build Orders: Hatch First 

Get SALT Encoding   

  12  0:02  Drone  
  13  0:13  Overlord  
  13  0:17  Drone  
  14  0:31  Drone x2  
  16  0:44  Drone  
  17  0:51  Hatchery  
  17  0:55  Drone  
  17  0:59  Drone  
  18  1:10  Extractor  
  17  1:14  Spawning Pool  
  17  1:16  Drone  
  17  1:19  Drone  
  18  1:28  Drone  
  19  1:39  Drone  
  20  1:50  Overlord  
  20  2:01  Queen  
  20  2:03  Queen  
  20  2:04  Zergling x4  
  26  2:12  Metabolic Boost  
  26  2:14  Drone x2  
  28  2:23  Drone  
  28  2:25  Drone  
  30  2:36  Hatchery  
  29  2:38  Zergling x2  
  29  2:40  Drone  
  31  2:46  Queen  
  32  2:51  Overlord  
  32  2:55  Drone  
  32  2:57  Drone  
  34  2:59  Drone  
  35  3:14  Drone x4  
  35  3:16  Drone x2  
  35  3:17  Overlord  
  35  3:19  Drone  
  42  3:21  Drone  
  43  3:30  Overlord  
  43  3:37  Drone x2  
  45  3:43  Drone  
  45  3:45  Drone  
  45  3:47  Queen  
  49  3:48  Drone x4  
  49  3:52  Queen  
  49  3:55  Drone  
  56  3:56  Drone  
  56  3:58  Overlord  
  56  3:59  Zergling x4  
  56  4:00  Zergling x2  
  60  4:06  Roach Warren  
  60  4:09  Zergling x4  
  61  4:12  Spore Crawler  
  61  4:18  Zergling x8  
  61  4:21  Zergling x2, Spore Crawler  
  61  4:22  Zergling x4  
  67  4:26  Overlord  
  67  4:27  Zergling x4  
  69  4:31  Zergling x2  
  69  4:32  Zergling x2  
  69  4:35  Overlord  
  71  4:41  Spine Crawler  
  70  4:47  Roach x4  
  70  4:50  Roach x2  
  82  4:54  Roach x2  
  86  5:01  Roach x2  
  86  5:03  Zergling x2  
  86  5:04  Zergling x2  
  90  5:08  Overlord  
  81  5:14  Zergling x2  
  81  5:15  Zergling x10  
  81  5:22  Drone  
  81  5:25  Drone  
  81  5:27  Extractor  
  81  5:28  Drone  
  83  5:29  Extractor  
  83  5:30  Drone  
  83  5:36  Roach  
  83  5:37  Roach  
  83  5:40  Overlord  
  87  5:44  Queen x2  
  87  5:47  Roach  
  87  5:48  Overlord  
  93  5:51  Overlord  
  87  5:57  Drone  
  87  6:03  Drone x2  
  90  6:06  Roach x3  
  90  6:09  Roach  
  98  6:15  Roach x2  
  102  6:19  Overlord  
  102  6:25  Roach x2  
  106  6:30  Zergling x8  
  110  6:35  Ravager  
  110  6:36  Zergling x2, Ravager  
  110  6:37  Zergling x4  
  115  6:40  Overlord  
  115  6:41  Zergling x8  
  120  6:47  Overlord, Ravager  
  120  6:49  Zergling x4  
  122  6:55  Ravager  
  122  6:56  Zergling x2  
  122  6:57  Overlord  
  122  6:59  Zergling x4  
  126  7:01  Overlord  
  126  7:04  Lair  
  126  7:08  Zergling x10  
  130  7:13  Ravager  
  117  7:15  Zergling x2  
  117  7:16  Zergling x8  
  117  7:22  Zergling x2  
  115  7:26  Drone x4  
  115  7:27  Drone  
  119  7:30  Drone  
  119  7:32  Drone, Ravager  
  119  7:36  Overlord  
  122  7:37  Drone  
  122  7:39  Zergling x6  
  122  7:44  Zergling x6  
  123  7:47  Drone  
  123  7:51  Drone  
  116  7:55  Drone  
  116  7:57  Drone x2  
  116  7:58  Drone  
  114  7:59  Drone x2  
  114  8:00  Drone  
  110  8:07  Drone x4  
  110  8:08  Drone  
  110  8:10  Drone  
  112  8:15  Extractor  
  112  8:17  Extractor  
  112  8:18  Evolution Chamber  
Show
View Real Time Build Order
Export as new Build Order

ShoWTimE Protoss 

Build Orders: 1 Gate Expand, Mass Adepts 

Get SALT Encoding   

  12  0:00  Probe  
  13  0:12  Probe  
  14  0:19  Pylon  
  14  0:25  Probe  
  15  0:33  Probe  
  15  0:41  Probe, Gateway  
  17  0:50  Assimilator  
  17  0:51  Probe  
  18  1:03  Probe  
  19  1:15  Probe  
  20  1:25  Nexus  
  20  1:36  Cybernetics Core  
  20  1:38  Probe  
  21  1:43  Assimilator  
  21  1:50  Probe  
  22  1:54  Pylon  
  22  2:02  Adept, Probe  
  23  2:12  Warp Gate  
  23  2:14  Probe  
  26  2:23  Stalker  
  26  2:26  Probe, Twilight Council  
  27  2:36  Probe  
  29  2:38  Probe  
  31  2:44  Probe  
  31  2:51  Probe  
  33  2:52  Robotics Facility  
  33  2:54  Probe  
  33  2:55  Resonating Glaives  
  34  3:03  Probe  
  34  3:04  Gateway  
  35  3:09  Probe  
  36  3:18  Adept, Probe  
  39  3:25  Gateway  
  39  3:30  Warp Prism  
  39  3:31  Gateway  
  41  3:43  Pylon  
  41  3:44  Probe  
  41  3:47  Probe  
  43  3:57  Probe, Pylon  
  43  3:59  Probe  
  43  4:02  Adept x2  
  49  4:05  Observer  
  50  4:12  Probe  
  51  4:17  Probe  
  51  4:19  Assimilator  
  52  4:24  Adept x3  
  52  4:25  Adept  
  52  4:28  Pylon  
  52  4:31  Probe x2  
  62  4:46  Adept x4, Pylon  
  70  4:59  Pylon  
  70  5:05  Probe x2  
  72  5:07  Adept x3  
  76  5:17  Adept, Probe x2  
  74  5:24  Assimilator  
  74  5:29  Probe x2  
  74  5:32  Adept x3  
  82  5:37  Pylon  
  82  5:39  Adept  
  84  5:43  Immortal  
  84  5:48  Pylon  
  82  6:02  Sentry x4  
  90  6:15  Immortal  
  90  6:17  Nexus, Probe x2  
  92  6:18  Pylon  
  96  6:29  Forge  
  96  6:32  Probe x2  
  98  6:46  Gateway  
  98  6:47  Probe x2  
  98  6:48  Gateway  
  98  6:52  Stalker x2  
  104  7:00  Pylon  
  104  7:04  Immortal  
  108  7:15  Adept  
  97  7:22  Pylon  
  97  7:28  Sentry x2, Pylon  
  98  7:49  Stalker x4  
  78  7:54  Stalker x2  
  64  8:13  Stalker  
  64  8:14  Stalker x3  
Tags
 
Add a new tag
Caveats
  • Supply blocks, unpowered buildings, or Contaminate may cause inaccurate times.
  • Supply counts are checked every 10 seconds.